 Dungeon Crawl Stone Soup version 0.31-a0-750-gfe7b580527 (webtiles) character file.

Game seed: 13669613651734521240

133 puppykicker the Ruffian (level 5, -3/35 HPs)
             Began as an Octopode Shapeshifter on Sept 15, 2023.
             Slain by an orc wizard
             ... wielding a +0 dagger
              (4 damage)
             ... on level 4 of the Dungeon.
             The game lasted 00:08:19 (2331 turns).

puppykicker the Ruffian (Octopode Shapeshifter)     Turns: 2331, Time: 00:08:20

Health: -3/35      AC:  1    Str: 15    XL:     5   Next: 16%
Magic:  5/5        EV: 13    Int: 12    God:
Gold:   151        SH:  0    Dex: 12    Spells: 4/4 levels left

rFire   . .          .
                       - Unarmed
rCold   . . .        (no shield)
rNeg    . . .        (helmet currently unavailable)
rPois   .            (no amulet)
rElec   .            (no ring)
rCorr   .            (no ring)
SInv    .            (no ring)
Will    .....        (no ring)
Stlth   ++           (no ring)
HPRegen 0.25/turn    (no ring)
MPRegen 0.09/turn    (no ring)
                     (no ring)

%: no passive effects
@: brilliant, beast-form
A: beast (slay +2), almost no armour, amphibious, 8 rings, camouflage 1,
gelatinous body 1, (nimble swimmer 1), tentacles
a: Begin Untransformation


You were on level 4 of the Dungeon.
You were a hulking beast.
You visited 1 branch of the dungeon, and saw 4 of its levels.

You collected 151 gold pieces.

Inventory:

Jewellery
 e - a ring of willpower
Talismans
 b - a beast talisman (active)
 c - a flux talisman
Scrolls
 f - a scroll of noise {unknown}
 h - a scroll of revelation {unknown}
 k - a scroll of immolation {unknown}
 l - a scroll of fog {unknown}
 m - a scroll of fear {unknown}
Potions
 a - a potion of lignification {!q}
 d - 2 potions of might {unknown}
 g - a potion of brilliance
 i - a potion of heal wounds {unknown}
 j - a potion of degeneration {unknown}


   Skills:
 + Level 2.4 Fighting
 - Level 2.0 Dodging
 * Level 4.5 Unarmed Combat
 + Level 3.6 Shapeshifting


You had 4 spell levels left.
You didn't know any spells.
Your spell library contained the following spells:

 Spells                   Type           Power      Damage    Failure   Level
 Summon Small Mammal      Summ           0%         N/A       32%         1
 Call Canine Familiar     Summ           0%         N/A       69%         3
 Summon Guardian Golem    Hex/Summ       0%         N/A       69%         3


Dungeon Overview and Level Annotations

Branches:
Dungeon (4/15)
 Temple: D:4-7

Altars:

Shops:
D:3 (

Annotations:
D:3 1 runed translucent door, Crazy Yiuf
D:4 Sigmund


Innate Abilities, Weirdness & Mutations

You are a hulking beast.
Your limbs bulge with bestial killing power. (Slay +2)
You cannot wear most types of armour.
You are amphibious.
You can wear up to eight rings at the same time.
Your skin changes colour to match your surroundings (Stealth+).
Your rubbery body absorbs attacks. (AC +1, EV +1)
((You are camouflaged when in or above water. (Stealth+)))
You have tentacles for arms and can constrict up to eight enemies at once.


Message History

You take 3 damage, and have 17/35 hp.
You bump into the rock wall.
The jackal bites you but does no damage.
Unknown command.
You miss the jackal. The jackal barely misses you. The jackal bites you.
* * * LOW HITPOINT WARNING * * *
You take 2 damage, and have 15/35 hp.
The jackal misses you.
Unknown command.
You bump into the rock wall.
The jackal completely misses you. The jackal misses you.
You bump into the rock wall.
The jackal closely misses you.
You bump into the rock wall.
You feel less confused. The jackal bites you.
* * * LOW HITPOINT WARNING * * *
You take 2 damage, and have 14/35 hp.
Unknown command.
You completely miss the jackal. The jackal bites you.
* * * LOW HITPOINT WARNING * * *
The jackal misses you.
You take 2 damage, and have 12/35 hp.
You tentacle-slap the jackal. You squeeze the jackal.
You kill the jackal!
You completely miss something. Something hits you.
* * * LOW HITPOINT WARNING * * *
You take 3 damage, and have 10/35 hp.
You miss something. Something hits you.
* * * LOW HITPOINT WARNING * * *
You take 3 damage, and have 7/35 hp.
You miss something. Something hits you.
* * * LOW HITPOINT WARNING * * *
You take 3 damage, and have 4/35 hp.
You miss something. Something hits you.
* * * LOW HITPOINT WARNING * * *
You take 3 damage, and have 1/35 hp.
It was a potion of brilliance.
You feel clever all of a sudden. Something hits you.
You die...

.. # ##.#### ..
#.....# ....
...##.....# ...# #
.........# ...# .#
.......))#######...
...
#.†)..........#..
##.###.#####...
#h.##.#####.#
##..#....#<.# .
##..###.#.###....
##.# #..........
#............##
....#....####...
..#....... ..
..#.#......
........#..


There were no monsters in sight!

Levels and vault maps discovered:
D:1:      psy_arrival_fountain, layout_rooms
D:2:      layout_rooms, grunt_decor_cap, hangedman_decor_slide_cut
D:3:      layout_loops_corners, serial_shops, shop, mrwooster_statue_mirror,
          hangedman_decor_push, amcnicky_mini_rare_corridor_liquid,
          uniq_crazy_yiuf_cottage
D:4:      layout_rooms, nicolae_overflow_hidden_temple,
          hangedman_decor_riveting, uniq_eustachio, uniq_ijyb, uniq_sigmund,
          uniq_edmund

Notes
Turn   | Place    | Note
-------+----------+-------------------------------------------
     0 | D:1      | puppykicker the Octopode Shapeshifter began the quest for
                  | the Orb.
     0 | D:1      | Reached XP level 1. HP: 13/13 MP: 1/1
    32 | D:1      | Identified a +0 club
    43 | D:1      | Identified a +0 club
    44 | D:1      | Identified a +0 dagger of venom
    66 | D:1      | HP: 3/13 [poisoned by a kobold]
    69 | D:1      | HP: 1/13 [poisoned by a kobold]
   286 | D:1      | Reached XP level 2. HP: 18/18 MP: 2/2
   324 | D:1      | Identified a +0 short sword
   347 | D:1      | Identified a ring of willpower
   473 | D:1      | Identified a +0 short sword
   502 | D:1      | Identified a +0 dagger
   635 | D:2      | Identified a +0 dagger
   674 | D:2      | Identified a +0 dagger
   680 | D:2      | Reached XP level 3. HP: 22/23 MP: 3/3
   680 | D:2      | Identified a +0 club
   680 | D:2      | Identified a +0 sling
   960 | D:2      | Identified a +0 short sword
  1057 | D:2      | Identified a +3 dagger of venom
  1230 | D:3      | Identified a +0 whip
  1231 | D:3      | Identified a +0 club
  1231 | D:3      | Identified a +0 flail
  1231 | D:3      | Identified a +0 chain mail
  1237 | D:3      | Reached skill level 2 in Fighting
  1237 | D:3      | Reached skill level 4 in Unarmed Combat
  1237 | D:3      | Reached XP level 4. HP: 29/29 MP: 4/4
  1328 | D:3      | Identified a +0 club
  1354 | D:3      | Found Laan's Weapon Boutique.
  1531 | D:3      | Identified a +0 falchion
  1531 | D:3      | Identified a +0 leather armour
  1531 | D:3      | Identified a +0 club
  1531 | D:3      | Identified a +0 leather armour
  1532 | D:3      | Identified a +1 hand axe of freezing
  1532 | D:3      | Identified a +0 sling
  1532 | D:3      | Identified a +0 leather armour
  1542 | D:3      | Identified a +0 flail of protection
  1609 | D:3      | Identified a +0 dagger
  1764 | D:3      | Identified a +0 hand axe
  1826 | D:3      | Reached XP level 5. HP: 21/35 MP: 5/5
  2184 | D:3      | Found a runed translucent door.
  2185 | D:3      | Identified a +2 quarterstaff of chaos
  2185 | D:3      | Identified a +1 cloak
  2185 | D:3      | Noticed Crazy Yiuf
  2217 | D:4      | Identified a +0 scythe
  2217 | D:4      | Identified a +0 robe
  2217 | D:4      | Noticed Sigmund
  2225 | D:3      | Identified a +0 dagger
  2300 | D:4      | Identified a +2 whip of freezing
  2302 | D:4      | Identified a +0 hand axe
  2302 | D:4      | Identified a +0 chain mail
  2303 | D:4      | Identified a +0 club
  2303 | D:4      | Identified a +0 leather armour
  2305 | D:4      | Identified a +0 dagger
  2305 | D:4      | Identified a +0 robe
  2328 | D:4      | HP: 7/35 [something (3)]
  2330 | D:4      | HP: 1/35 [something (4)]
  2331 | D:4      | Identified 2 potions of brilliance
  2331 | D:4      | Slain by an orc wizard

Table legend: (Time is in decaauts)
 A = Elapsed time spent in this place.
 B = Non-inter-level travel time spent in this place.
 C = Inter-level travel time spent in this place.
 D = Time resting spent in this place.
 E = Time spent auto-exploring this place.
 F = Levels seen in this place.
 G = Mean time per level.
                   A        B        C        D        E       F      G
               +--------+--------+--------+--------+--------+-----+--------+
         Total |   2321 |   2230 |     91 |    375 |   1458 |   4 |  580.2 |
       Dungeon |   2321 |   2230 |     91 |    375 |   1458 |   4 |  580.2 |
               +--------+--------+--------+--------+--------+-----+--------+

Top non-repeatable levels by time:
     D:3: 1059 daAuts
     D:2: 609 daAuts
     D:1: 605 daAuts
     D:4: 46 daAuts

Table legend:
 A = Kills in this place as a percentage of kills in the entire game.
 B = Kills by you in this place as a percentage of kills by you in the entire game.
 C = Kills by friends in this place as a percentage of kills by friends in the entire game.
 D = Other kills in this place as a percentage of other kills in the entire game.
 E = Experience gained in this place as a percentage of experience gained in the entire game.
 F = Experience gained in this place divided by the number of levels of this place that you have seen.
                   A       B       C       D       E      F
               +-------+-------+-------+-------+-------+----------------------
         Total | 100.0 | 100.0 |   N/A |   N/A | 100.0 |  47.5
       Dungeon | 100.0 | 100.0 |   N/A |   N/A | 100.0 |  47.5
               +-------+-------+-------+-------+-------+----------------------

Skill      XL: |  1  2  3 |
---------------+----------+-----
Fighting       | 2 |  2.4
Unarmed Combat | 4 |  4.5
Dodging        | |  2.0
Shapeshifting  | |  3.6

Action                     |  1- 3 |  4- 6 || total
---------------------------+-------+-------++-------
  Melee: Unarmed           |    67 |    59 ||   126
         Constrict         |    16 |    16 ||    32
         Tentacles         |    12 |    16 ||    28
         Punch             |     3 |     1 ||     4
    Use: Potion            |       |     1 ||     1
   Stab: Sleeping          |     3 |     3 ||     6
 Armour: Skin              |    22 |    31 ||    53
  Dodge: Dodged            |    31 |    25 ||    56

Vanquished Creatures
  An orc priest (D:3)
  2 adders (D:3)
  2 worms (D:2)
  2 dart slugs
  9 orcs
  4 bats
  10 endoplasms
  7 goblins
  2 hobgoblins
  2 jackals (D:4)
  6 kobolds
  4 quokkas
  5 ball pythons
  4 frilled lizards
  2 rats (D:3)
62 creatures vanquished.
